 Dungeon Crawl Stone Soup version 0.29.1-15-g9cfb28693d (webtiles) character file.

Game seed: 8909746536961831887

66 DemonSlayer the Digger (level 3, -19/24 HPs)
             Began as a Demonspawn Earth Elementalist on Apr 24, 2023.
             Demolished by Crazy Yiuf
             ... wielding a +4 quarterstaff of chaos
              (20 damage)
             ... on level 2 of the Dungeon.
             The game lasted 00:03:23 (2578 turns).

DemonSlayer the Digger (DsEE)                       Turns: 2578, Time: 00:03:24

Health: -19/24     AC:  2    Str:  8    XL:     3   Next: 96%
Magic:  2/7        EV: 12    Int: 16    God:
Gold:   130        SH:  0    Dex: 15    Spells: 6/7 levels left

rFire   . . .      SeeInvis +   f - +2 short sword (protect)
rCold   . . .      Faith    .   (no shield)
rNeg    . . .      Spirit   .   a - +0 robe
rPois   .          Reflect  .   (no helmet)
rElec   .          Harm     .   (no cloak)
rCorr   .          Rampage  .   (no gloves)
Will    .....                   (no boots)
Stlth   ++........              (no amulet)
HPRegen 0.08/turn               e - ring of see invisible
MPRegen 0.10/turn               (no ring)

@: very slightly contaminated
A: hooves 1
a: no special abilities


You were on level 2 of the Dungeon.
You visited 1 branch of the dungeon, and saw 2 of its levels.

You collected 184 gold pieces.
You spent 54 gold pieces at shops.

Inventory:

Hand Weapons
 f - a +2 short sword of protection (weapon)
Armour
 a - a +0 robe (worn)
Jewellery
 e - a ring of see invisible (left hand)
 j - a +6 ring of strength
Wands
 q - a wand of light (5)
Scrolls
 c - a scroll of blinking {unknown}
 d - 2 scrolls of teleportation {unknown}
 g - 4 scrolls of identify {unknown}
 h - a scroll of fear {unknown}
 i - a scroll of brand weapon {unknown}
 m - a scroll of amnesia {unknown}
Potions
 b - 2 potions of magic
 k - a potion of curing {unknown}
 l - a potion of flight {unknown}
 n - a potion of invisibility {unknown}
 o - a potion of heal wounds {unknown}
 p - 3 potions of might {unknown}


   Skills:
 + Level 0.8 Short Blades
 + Level 2.2 Dodging
 + Level 2.1 Stealth
 + Level 2.7 Spellcasting
 + Level 0.8 Transmutations
 + Level 3.4 Earth Magic


You had 6 spell levels left.
You knew the following spells:

 Your Spells              Type           Power      Damage    Failure   Level
a - Sandblast             Erth           26%        2d8       4%          1

Your spell library contained the following spells:

 Spells                   Type           Power      Damage    Failure   Level
 Passwall                 Tmut/Erth      6%         N/A       12%         2
 Stone Arrow              Conj/Erth      14%        3d7       28%         3
 Petrify                  Tmut/Erth      8%         N/A       63%         4


Dungeon Overview and Level Annotations

Branches:
Dungeon (2/15)

Altars:

Shops:
D:1 *

Annotations:
D:2 Crazy Yiuf


Innate Abilities, Weirdness & Mutations

You have large cloven feet.


Message History

g - 4 scrolls labelled AKELOE GACSEU (gained 1)
You now have 130 gold pieces (gained 11).
You open the door.
There is an open door here.
There is an open door here.
Key pressed, stopping explore.
There is an open door here.
There is an open door here.
You see here 3 stones.
You see here a +0 robe.
There is an open door here.
Could not explore, unopened runed door.
Could not explore, unopened runed door.
Could not explore, unopened runed door.
You open the door.
The blast of sand hits Crazy Yiuf.
Crazy Yiuf is moderately wounded.
You miscast Sandblast.
You are very lightly contaminated with residual magic.
Nothing appears to happen.
The blast of sand hits Crazy Yiuf.
Crazy Yiuf is heavily wounded.
Crazy Yiuf hits you with a +4 quarterstaff of chaos!
The blast of sand hits Crazy Yiuf but does no damage.
Crazy Yiuf is heavily wounded.
Crazy Yiuf hits you with a +4 quarterstaff of chaos.
Crazy Yiuf draws strength from your wounds!
You are too injured to fight recklessly!
You are too injured to fight recklessly!
Casting: Sandblast (safe; 4% risk of failure)
Confirm with . or Enter, or press ? or * to list all spells.
Aiming: Sandblast (safe; 4% risk of failure)
Press: ? - help, Shift-Dir - straight line, f/p - Crazy Yiuf
Aim: Crazy Yiuf, wielding a +4 quarterstaff of chaos and wearing a +0 cloak (heavily wounded, 84% to hit)
You miscast Sandblast.
Nothing appears to happen.
Crazy Yiuf hits you with a +4 quarterstaff of chaos!
* * * LOW HITPOINT WARNING * * *
You are electrocuted!!
Ouch! That really hurt!
You die...

##<....## #....#
#......
##.......## #....#
#.#....
##.........#
#....# ####.#...#
.'......####
###### #.........
##......#
####.#...#
##.....# #.##.##
##....##♣♣ ###
##.#### ##......♣♣
♣♣#..)# #...#
##+.....♣♣♣♣@g...#
#...#
#.......♣..♣#...#
##...#### ###
#.#....♣.♣♣♣ ###
#......#. ..#
##.###♣♣♣♣♣
#.#.##..#
..###...#
#.#.##..#
#.##....##########
#.#.....#
#.###.........##.#
#.####.#. #.#
#..##........# #.#
#.##
..###..##.##..####
#.####.#


You could see Crazy Yiuf.

Vanquished Creatures
  An adder (D:2)
  2 worms (D:2)
  4 dart slugs
  An endoplasm (D:1)
  A giant cockroach (D:1)
  4 goblins (D:1)
  4 hobgoblins
  2 jackals (D:1)
  5 kobolds
  4 quokkas
  7 ball pythons
  3 bats
  3 frilled lizards (D:1)
  2 rats (D:1)
43 creatures vanquished.

Vanquished Creatures (others)
  3 plants (D:1)
3 creatures vanquished.

Grand Total: 46 creatures vanquished

Notes
Turn   | Place    | Note
-------+----------+-------------------------------------------
     0 | D:1      | DemonSlayer the Demonspawn Earth Elementalist began the
                  | quest for the Orb.
     0 | D:1      | Reached XP level 1. HP: 13/13 MP: 3/3
   249 | D:1      | Gained mutation: You have large cloven feet. [demonic
                  | ancestry]
   249 | D:1      | Reached XP level 2. HP: 19/19 MP: 1/5
   258 | D:1      | Reached skill level 3 in Earth Magic
   367 | D:1      | Found Yjoxkum's Assorted Antiques.
   373 | D:1      | Bought a scroll labelled VEEZUW QOGUUL for 27 gold pieces
   373 | D:1      | Bought a scroll labelled ZEFOAT YMUONN for 27 gold pieces
   664 | D:1      | Reached XP level 3. HP: 24/24 MP: 3/6
   822 | D:1      | You fall into a shaft and drop 1 floor!
  1920 | D:2      | Found a runed translucent door.
  1921 | D:2      | Noticed Crazy Yiuf
  2578 | D:2      | HP: 1/24 [Crazy Yiuf/+4 quarterstaff of chaos (11)]
  2578 | D:2      | Demolished by Crazy Yiuf

Illustrated notes

Levels and vault maps discovered:
D:1:      minmay_arrival_nine_rooms, layout_basic, serial_shops,
          nicolae_shop_overgrown_old_shop, minivault_27, minmay_close_crescents
D:2:      layout_loops_corners, uniq_crazy_yiuf_cottage

Skill      XL: |  1  2  3 |
---------------+----------+-----
Dodging        | 2 |  2.2
Earth Magic    | 3 |  3.4
Stealth        | 2 |  2.1
Short Blades   | |  0.8
Spellcasting   | |  2.7
Transmutations | |  0.8

Action                   || total
-------------------------++-------
Melee: Short sword       ||    12
       Kick              ||     3
       Punch             ||     1
 Cast: Sandblast         ||    61
Armor: Robe              ||     3
Dodge: Dodged            ||    14
